Connexion

TAMPA BAY Lightning vs DETROIT Red Wings

Created - 27 septembre 2023 at 05:58

Goals
1 2 3 T
TAMPA BAY Lightning 2 0 1 3
DETROIT Red Wings 1 3 2 6
Shots
1 2 3 T
TAMPA BAY Lightning 7 7 6 20
DETROIT Red Wings 12 14 11 37

GoalsPenalties
1st period
1. TAMPA BAY Lightning , Ivan Provorov 7 (Mark Friedman 11, Anders Lee 14) at 4:57 (PP)
2. TAMPA BAY Lightning , Adam Henrique 10 (Lawson Crouse 9, Ivan Provorov 23) at 17:15
3. DETROIT Red Wings , Erik Karlsson 4 (Valeri Nichushkin 5, Devon Toews 8) at 18:58
Marco Scandella (T.B) for Roughing (Minor) at 2:13
Jake Bean (DET) for Slashing (Minor) at 4:47
Marco Scandella (T.B) for Holding (Minor) at 10:19
Oskar Sundqvist (T.B) for Holding (Minor) at 14:27
2nd period
4. DETROIT Red Wings , Jamie Benn 10 (Jake DeBrusk 15, Devon Toews 9) at 15:23
5. DETROIT Red Wings , Jake DeBrusk 6 (Nathan Mackinnon 8, Erik Karlsson 11) at 16:52
6. DETROIT Red Wings , Erik Karlsson 5 (Nathan Mackinnon 9, Jake DeBrusk 16) at 18:11
Elvis Merzlikins (DET) for Slashing (Minor) at 2:33 - Jamie Benn served the penalty.
Evander Kane (T.B) for Hooking (Minor) at 7:34
3rd period
7. DETROIT Red Wings , Jake DeBrusk 7 (Erik Karlsson 12, Nathan Mackinnon 10) at 1:32 (PP)
8. DETROIT Red Wings , Nathan Mackinnon 6 (Morgan Rielly 15, Jake DeBrusk 17) at 6:49 (PP)
9. TAMPA BAY Lightning , Evander Kane 13 (Ivan Provorov 24, Mark Friedman 12) at 11:04
Mark Friedman (T.B) for Hooking (Minor) at 0:09
Ivan Provorov (T.B) for High sticking (Double Minor) at 4:29
Drake Batherson (DET) for High sticking (Minor) at 17:18
Goalie Stats
Martin Jones (T.B), 31 saves from 37 shots - (0,838), L, 15-8-0, 60:00 minutes
Elvis Merzlikins (DET), 17 saves from 20 shots - (0,850), W, 8-5-1, 60:00 minutes
3 StarsOfficial
1 - Jake DeBrusk (DET)
2 - Erik Karlsson (DET)
3 - Nathan Mackinnon (DET)
Referees : Steve Kozari and Don Koharski
Linesman : Darren Gibbs and Steve Barton
Game Note
No Game Note
Finance
Level 1 -- Attendance: 6000 (100,00%) -- Ticket Income 672 000 $
Level 2 -- Attendance: 5276 (74,67%) -- Ticket Income 395 700 $
Level 3 -- Attendance: 1895 (94,75%) -- Ticket Income 94 750 $
Level 4 -- Attendance: 4000 (100,00%) -- Ticket Income 120 000 $
Luxury Box -- Attendance: 1000 (100,00%) -- Ticket Income 225 000 $
Game was played at the Joe Louis Arena.
Total Attendance: 18171 (90,56%)
Total Ticket Income: 1 507 450 $
Other Income: 301 490 $
Total Income: 1 808 940 $



Team Name Goals Shots Shots Attemp Shots Blocked PIM HIT PP PK FO%
TAMPA BAY Lightning 320361514201 / 3 (33%)247%
DETROIT Red Wings 6378266152 / 7 (29%)153%

TAMPA BAY Lightning
Player Name POS G A P +/- PIM HIT SHT SB MP PP MP PP SHT PK MP PK SHT FO% FOT
Adam HenriqueC/LW1011012015:471:2900:0000% 1
Anders LeeC/LW011-2022023:522:3907:01050% 6
Artem ZubD0000001321:191:4806:2800% 0
Cole SillingerC000000005:400:0000:00080% 5
Denis MalginC/LW/RW000001205:400:0000:0000% 1
Evander KaneC/LW/RW101-2244120:182:3903:28140% 5
Evgeny KuznetsovC000-2011023:592:3907:08044% 39
Ivan ProvorovD123-1433125:302:2034:2600% 0
Jesperi KotkaniemiC/LW000-1000010:030:0000:00022% 9
Josh MahuraD000-1000012:580:0000:3300% 0
Kent JohnsonC/LW000-1000010:030:0000:0000% 0
Lawson CrouseLW/RW0111031016:341:2900:4700% 0
Marco ScandellaD0000412219:131:4824:2400% 0
Mark FriedmanD022-1220424:502:2003:4600% 0
Martin FehervaryD000-1020116:060:0003:4100% 0
Oskar SundqvistC0001200218:451:2902:59055% 22
Peter CehlarikLW/RW000000005:400:0000:000100% 1
Rasmus AsplundC/RW000-1002111:580:0001:550100% 2
DETROIT Red Wings
Player Name POS G A P +/- PIM HIT SHT SB MP PP MP PP SHT PK MP PK SHT FO% FOT
Ben MeyersC/LW000-101103:110:0000:0000% 1
Devon ToewsD0223022025:556:0822:3600% 0
Drake BathersonC/RW0001213021:236:0810:00037% 27
Erik KarlssonD2243023025:556:0802:3600% 0
Gabriel LandeskogLW/RW0000012112:180:0001:590100% 2
Jake BeanD0000211011:290:0000:0000% 0
Jake DeBruskLW/RW2352006124:025:3123:04050% 6
Jamie BennC/LW1011025026:025:3111:53153% 38
Mattias JanmarkC/LW/RW000-100003:110:0000:000100% 4
Mike AmadioC/LW/RW0000004010:190:0000:00050% 2
Mikko RantanenC/LW/RW0001001022:286:0801:0400% 0
Morgan RiellyD011-1003222:355:3121:3200% 0
Nathan MackinnonC/RW1342011021:145:3110:1600% 0
Nikita ZadorovD000-1031122:355:3101:3200% 0
Noah GregorC000000000:000:0000:0000% 0
Sami NikuD0000010111:300:0000:0000% 0
Tyson JostC/LW0000003010:190:0000:00080% 10
Valeri NichushkinLW/RW0111001021:246:0800:0000% 1



Play-by-Play

1st period


0:01 of 1st period - Jamie Benn wins face-off versus Evgeny Kuznetsov in neutral zone.
0:04 of 1st period - Shot by Jamie Benn.
0:04 of 1st period - Shot Blocked by Evander Kane.
0:47 of 1st period - Shot by Jamie Benn.
0:47 of 1st period - Stopped by Martin Jones without a rebound.
0:48 of 1st period - Oskar Sundqvist wins face-off versus Drake Batherson in TAMPA BAY Lightning zone.
0:48 of 1st period - Oskar Sundqvist is hit by Drake Batherson.
0:53 of 1st period - Icing by Lawson Crouse.
0:54 of 1st period - Mike Amadio wins face-off versus Oskar Sundqvist in TAMPA BAY Lightning zone.
1:40 of 1st period - Artem Zub is hit by Gabriel Landeskog and loses puck.
1:51 of 1st period - Valeri Nichushkin is hit by Adam Henrique and loses puck.
2:06 of 1st period - Shot by Drake Batherson.
2:06 of 1st period - Shot Blocked by Marco Scandella.
2:08 of 1st period - Shot by Morgan Rielly.
2:08 of 1st period - Stopped by Martin Jones with a rebound.
2:13 of 1st period - Minor Penalty to Marco Scandella for Roughing.
2:14 of 1st period - Evgeny Kuznetsov wins face-off versus Jamie Benn in TAMPA BAY Lightning zone.
2:43 of 1st period - Shot by Devon Toews.
2:43 of 1st period - Stopped by Martin Jones without a rebound.
2:44 of 1st period - Evgeny Kuznetsov wins face-off versus Drake Batherson in TAMPA BAY Lightning zone.
3:03 of 1st period - Shot by Evander Kane.
3:03 of 1st period - Shot Misses the Net.
3:43 of 1st period - Shot by Devon Toews.
3:43 of 1st period - Stopped by Martin Jones without a rebound.
3:44 of 1st period - Evander Kane wins face-off versus Jamie Benn in TAMPA BAY Lightning zone.
3:53 of 1st period - Shot by Jamie Benn.
3:53 of 1st period - Shot Blocked by Oskar Sundqvist.
4:29 of 1st period - Shot by Tyson Jost.
4:29 of 1st period - Shot Blocked by Martin Fehervary.
4:31 of 1st period - Shot by Jake Bean.
4:31 of 1st period - Shot Blocked by Rasmus Asplund.
4:47 of 1st period - Minor Penalty to Jake Bean for Slashing.
4:48 of 1st period - Evgeny Kuznetsov wins face-off versus Jamie Benn in DETROIT Red Wings zone.
4:55 of 1st period - Shot by Ivan Provorov.
4:55 of 1st period - Shot Misses the Net.
4:57 of 1st period - Shot by Ivan Provorov.
4:57 of 1st period - Goal by Ivan Provorov - TAMPA BAY Lightning : 1 - DETROIT Red Wings : 0.
4:58 of 1st period - Peter Cehlarik wins face-off versus Drake Batherson in neutral zone.
5:21 of 1st period - Shot by Drake Batherson.
5:21 of 1st period - Shot Misses the Net.
5:24 of 1st period - Icing by Mark Friedman.
5:25 of 1st period - Cole Sillinger wins face-off versus Jamie Benn in TAMPA BAY Lightning zone.
5:38 of 1st period - Icing by Jamie Benn.
5:39 of 1st period - Jamie Benn wins face-off versus Evgeny Kuznetsov in DETROIT Red Wings zone.
5:39 of 1st period - Morgan Rielly is hit by Anders Lee and loses puck.
5:45 of 1st period - Icing by Jamie Benn.
5:46 of 1st period - Jamie Benn wins face-off versus Evgeny Kuznetsov in DETROIT Red Wings zone.
5:52 of 1st period - Icing by Morgan Rielly.
5:53 of 1st period - Evgeny Kuznetsov wins face-off versus Jamie Benn in DETROIT Red Wings zone.
5:53 of 1st period - Evander Kane is hit by Nikita Zadorov and loses puck.
6:03 of 1st period - Off-side.
6:04 of 1st period - Drake Batherson wins face-off versus Jesperi Kotkaniemi in neutral zone.
6:33 of 1st period - Shot by Drake Batherson.
6:33 of 1st period - Stopped by Martin Jones without a rebound.
6:34 of 1st period - Jamie Benn wins face-off versus Evander Kane in TAMPA BAY Lightning zone.
6:59 of 1st period - Shot by Anders Lee.
6:59 of 1st period - Shot Blocked by Nikita Zadorov.
7:01 of 1st period - Shot by Anders Lee.
7:01 of 1st period - Stopped by Elvis Merzlikins without a rebound.
7:02 of 1st period - Drake Batherson wins face-off versus Oskar Sundqvist in DETROIT Red Wings zone.
7:02 of 1st period - Drake Batherson is hit by Lawson Crouse.
7:55 of 1st period - Icing by Erik Karlsson.
7:56 of 1st period - Evgeny Kuznetsov wins face-off versus Drake Batherson in DETROIT Red Wings zone.
7:56 of 1st period - Evgeny Kuznetsov is hit by Erik Karlsson.
8:04 of 1st period - Shot by Evgeny Kuznetsov.
8:04 of 1st period - Deflect By Anders Lee.
8:04 of 1st period - Shot Misses the Net.
8:46 of 1st period - Morgan Rielly is hit by Evander Kane and loses puck.
8:58 of 1st period - Shot by Jake DeBrusk.
8:58 of 1st period - Shot Misses the Net.
9:00 of 1st period - Shot by Jake DeBrusk.
9:00 of 1st period - Stopped by Martin Jones without a rebound.
9:01 of 1st period - Jesperi Kotkaniemi wins face-off versus Mike Amadio in TAMPA BAY Lightning zone.
9:06 of 1st period - Shot by Jake Bean.
9:06 of 1st period - Shot Blocked by Artem Zub.
9:08 of 1st period - Shot by Jake Bean.
9:08 of 1st period - Shot Misses the Net.
9:10 of 1st period - Shot by Jake Bean.
9:10 of 1st period - Stopped by Martin Jones without a rebound.
9:11 of 1st period - Tyson Jost wins face-off versus Oskar Sundqvist in TAMPA BAY Lightning zone.
9:11 of 1st period - Tyson Jost is hit by Mark Friedman.
9:13 of 1st period - Shot by Sami Niku.
9:13 of 1st period - Shot Misses the Net.
9:15 of 1st period - Shot by Tyson Jost.
9:15 of 1st period - Shot Blocked by Ivan Provorov.
9:17 of 1st period - Shot by Jake Bean.
9:17 of 1st period - Shot Misses the Net.
9:19 of 1st period - Shot by Gabriel Landeskog.
9:19 of 1st period - Stopped by Martin Jones without a rebound.
9:20 of 1st period - Mattias Janmark wins face-off versus Jesperi Kotkaniemi in TAMPA BAY Lightning zone.
9:25 of 1st period - Shot by Ben Meyers.
9:25 of 1st period - Stopped by Martin Jones with a rebound.
9:34 of 1st period - Kent Johnson is hit by Sami Niku and loses puck.
9:47 of 1st period - Kent Johnson is hit by Ben Meyers and loses puck.
10:00 of 1st period - Shot by Mattias Janmark.
10:00 of 1st period - Deflect By Jamie Benn.
10:00 of 1st period - Shot Misses the Net.
10:13 of 1st period - Icing by Jake Bean.
10:14 of 1st period - Mattias Janmark wins face-off versus Evgeny Kuznetsov in DETROIT Red Wings zone.
10:14 of 1st period - Mattias Janmark is hit by Evander Kane.
10:19 of 1st period - Minor Penalty to Marco Scandella for Holding.
10:20 of 1st period - Drake Batherson wins face-off versus Evgeny Kuznetsov in TAMPA BAY Lightning zone.
10:39 of 1st period - Shot by Mikko Rantanen.
10:39 of 1st period - Deflect By Drake Batherson.
10:39 of 1st period - Shot Blocked by Artem Zub.
11:03 of 1st period - Shot by Evander Kane.
11:03 of 1st period - Stopped by Elvis Merzlikins without a rebound.
11:04 of 1st period - Jake DeBrusk wins face-off versus Evgeny Kuznetsov in DETROIT Red Wings zone.
11:28 of 1st period - Icing by Jake DeBrusk.
11:29 of 1st period - Jamie Benn wins face-off versus Anders Lee in DETROIT Red Wings zone.
13:10 of 1st period - Ivan Provorov is hit by Erik Karlsson and loses puck.
13:16 of 1st period - Icing by Erik Karlsson.
13:17 of 1st period - Evgeny Kuznetsov wins face-off versus Valeri Nichushkin in DETROIT Red Wings zone.
13:36 of 1st period - Shot by Drake Batherson.
13:36 of 1st period - Deflect By Mikko Rantanen.
13:36 of 1st period - Shot Misses the Net.
14:27 of 1st period - Minor Penalty to Oskar Sundqvist for Holding.
14:28 of 1st period - Rasmus Asplund wins face-off versus Jamie Benn in TAMPA BAY Lightning zone.
15:00 of 1st period - Icing by Jake DeBrusk.
15:01 of 1st period - Jake DeBrusk wins face-off versus Evgeny Kuznetsov in DETROIT Red Wings zone.
15:29 of 1st period - Mikko Rantanen is hit by Ivan Provorov and loses puck.
16:01 of 1st period - Mikko Rantanen is hit by Marco Scandella.
16:26 of 1st period - Shot by Morgan Rielly.
16:26 of 1st period - Stopped by Martin Jones with a rebound.
16:32 of 1st period - Shot by Denis Malgin.
16:32 of 1st period - Stopped by Elvis Merzlikins with a rebound.
17:07 of 1st period - Shot by Denis Malgin.
17:07 of 1st period - Stopped by Elvis Merzlikins without a rebound.
17:08 of 1st period - Oskar Sundqvist wins face-off versus Ben Meyers in DETROIT Red Wings zone.
17:15 of 1st period - Shot by Adam Henrique.
17:15 of 1st period - Goal by Adam Henrique - TAMPA BAY Lightning : 2 - DETROIT Red Wings : 0.
17:16 of 1st period - Oskar Sundqvist wins face-off versus Jamie Benn in neutral zone.
17:18 of 1st period - Artem Zub is hit by Nikita Zadorov and loses puck.
18:37 of 1st period - Shot by Drake Batherson.
18:37 of 1st period - Shot Misses the Net.
18:39 of 1st period - Shot by Valeri Nichushkin.
18:39 of 1st period - Deflect By Drake Batherson.
18:39 of 1st period - Stopped by Martin Jones without a rebound.
18:40 of 1st period - Drake Batherson wins face-off versus Jesperi Kotkaniemi in TAMPA BAY Lightning zone.
18:58 of 1st period - Shot by Erik Karlsson.
18:58 of 1st period - Goal by Erik Karlsson - TAMPA BAY Lightning : 2 - DETROIT Red Wings : 1.
18:59 of 1st period - Tyson Jost wins face-off versus Evander Kane in neutral zone.
19:15 of 1st period - Shot by Evgeny Kuznetsov.
19:15 of 1st period - Shot Blocked by Sami Niku.
19:17 of 1st period - Shot by Evander Kane.
19:17 of 1st period - Shot Misses the Net.
19:19 of 1st period - Shot by Evander Kane.
19:19 of 1st period - Shot Blocked by Gabriel Landeskog.
19:21 of 1st period - Shot by Evgeny Kuznetsov.
19:21 of 1st period - Deflect By Anders Lee.
19:21 of 1st period - Stopped by Elvis Merzlikins without a rebound.
19:22 of 1st period - Cole Sillinger wins face-off versus Drake Batherson in DETROIT Red Wings zone.
19:54 of 1st period - Shot by Drake Batherson.
19:54 of 1st period - Shot Misses the Net.
Goals for this period are 2 for TAMPA BAY Lightning vs 1 for DETROIT Red Wings.
Shots for this period are 7 for TAMPA BAY Lightning vs 12 for DETROIT Red Wings.

2nd period


0:01 of 2nd period - Jamie Benn wins face-off versus Evgeny Kuznetsov in neutral zone.
0:06 of 2nd period - Shot by Nathan Mackinnon.
0:06 of 2nd period - Shot Blocked by Marco Scandella.
0:08 of 2nd period - Shot by Nathan Mackinnon.
0:08 of 2nd period - Shot Misses the Net.
1:13 of 2nd period - Oskar Sundqvist is hit by Nikita Zadorov and loses puck.
1:28 of 2nd period - Shot by Valeri Nichushkin.
1:28 of 2nd period - Shot Misses the Net.
1:34 of 2nd period - Shot by Mikko Rantanen.
1:34 of 2nd period - Shot Misses the Net.
2:09 of 2nd period - Off-side.
2:10 of 2nd period - Mattias Janmark wins face-off versus Jesperi Kotkaniemi in neutral zone.
2:33 of 2nd period - Shot by Rasmus Asplund.
2:33 of 2nd period - Stopped by Elvis Merzlikins without a rebound.
2:33 of 2nd period - Minor Penalty to Elvis Merzlikins for Slashing.
2:34 of 2nd period - Gabriel Landeskog wins face-off versus Evgeny Kuznetsov in DETROIT Red Wings zone.
2:49 of 2nd period - Shot by Evander Kane.
2:49 of 2nd period - Shot Misses the Net.
2:51 of 2nd period - Shot by Marco Scandella.
2:51 of 2nd period - Stopped by Elvis Merzlikins without a rebound.
2:52 of 2nd period - Jake DeBrusk wins face-off versus Anders Lee in DETROIT Red Wings zone.
3:13 of 2nd period - Nikita Zadorov is hit by Anders Lee and loses puck.
5:30 of 2nd period - Shot by Drake Batherson.
5:30 of 2nd period - Shot Misses the Net.
5:32 of 2nd period - Shot by Nikita Zadorov.
5:32 of 2nd period - Stopped by Martin Jones with a rebound.
5:34 of 2nd period - Shot by Valeri Nichushkin.
5:34 of 2nd period - Stopped by Martin Jones without a rebound.
5:35 of 2nd period - Jamie Benn wins face-off versus Evgeny Kuznetsov in TAMPA BAY Lightning zone.
5:56 of 2nd period - Shot by Evander Kane.
5:56 of 2nd period - Stopped by Elvis Merzlikins without a rebound.
5:57 of 2nd period - Oskar Sundqvist wins face-off versus Drake Batherson in DETROIT Red Wings zone.
6:18 of 2nd period - Off-side.
6:19 of 2nd period - Tyson Jost wins face-off versus Anders Lee in neutral zone.
6:36 of 2nd period - Shot by Tyson Jost.
6:36 of 2nd period - Stopped by Martin Jones without a rebound.
6:37 of 2nd period - Oskar Sundqvist wins face-off versus Jamie Benn in TAMPA BAY Lightning zone.
7:29 of 2nd period - Icing by Jake DeBrusk.
7:30 of 2nd period - Evgeny Kuznetsov wins face-off versus Jake DeBrusk in DETROIT Red Wings zone.
7:34 of 2nd period - Minor Penalty to Evander Kane for Hooking.
7:35 of 2nd period - Anders Lee wins face-off versus Drake Batherson in TAMPA BAY Lightning zone.
8:20 of 2nd period - Icing by Devon Toews.
8:21 of 2nd period - Rasmus Asplund wins face-off versus Drake Batherson in DETROIT Red Wings zone.
9:10 of 2nd period - Shot by Morgan Rielly.
9:10 of 2nd period - Stopped by Martin Jones without a rebound.
9:11 of 2nd period - Evgeny Kuznetsov wins face-off versus Jamie Benn in TAMPA BAY Lightning zone.
9:38 of 2nd period - Shot by Tyson Jost.
9:38 of 2nd period - Shot Misses the Net.
9:47 of 2nd period - Tyson Jost is hit by Martin Fehervary and loses puck.
9:52 of 2nd period - Shot by Mike Amadio.
9:52 of 2nd period - Stopped by Martin Jones without a rebound.
9:53 of 2nd period - Mattias Janmark wins face-off versus Oskar Sundqvist in TAMPA BAY Lightning zone.
10:22 of 2nd period - Icing by Ivan Provorov.
10:23 of 2nd period - Oskar Sundqvist wins face-off versus Drake Batherson in TAMPA BAY Lightning zone.
10:47 of 2nd period - Morgan Rielly is hit by Lawson Crouse and loses puck.
11:17 of 2nd period - Icing by Mikko Rantanen.
11:18 of 2nd period - Drake Batherson wins face-off versus Jesperi Kotkaniemi in DETROIT Red Wings zone.
11:47 of 2nd period - Shot by Nathan Mackinnon.
11:47 of 2nd period - Deflect By Jamie Benn.
11:47 of 2nd period - Stopped by Martin Jones with a rebound.
12:09 of 2nd period - Jesperi Kotkaniemi is hit by Jamie Benn and loses puck.
13:03 of 2nd period - Shot by Tyson Jost.
13:03 of 2nd period - Stopped by Martin Jones without a rebound.
13:04 of 2nd period - Oskar Sundqvist wins face-off versus Drake Batherson in TAMPA BAY Lightning zone.
13:11 of 2nd period - Shot by Mikko Rantanen.
13:11 of 2nd period - Shot Blocked by Mark Friedman.
13:25 of 2nd period - Shot by Valeri Nichushkin.
13:25 of 2nd period - Shot Misses the Net.
13:41 of 2nd period - Shot by Mikko Rantanen.
13:41 of 2nd period - Shot Blocked by Oskar Sundqvist.
13:43 of 2nd period - Shot by Mikko Rantanen.
13:43 of 2nd period - Deflect By Valeri Nichushkin.
13:43 of 2nd period - Shot Misses the Net.
13:45 of 2nd period - Shot by Mikko Rantanen.
13:45 of 2nd period - Stopped by Martin Jones without a rebound.
13:46 of 2nd period - Evgeny Kuznetsov wins face-off versus Jake DeBrusk in TAMPA BAY Lightning zone.
13:46 of 2nd period - Evander Kane is hit by Nathan Mackinnon and loses puck.
13:59 of 2nd period - Shot by Jake DeBrusk.
13:59 of 2nd period - Stopped by Martin Jones without a rebound.
14:00 of 2nd period - Tyson Jost wins face-off versus Denis Malgin in TAMPA BAY Lightning zone.
14:01 of 2nd period - Shot by Mike Amadio.
14:01 of 2nd period - Shot Misses the Net.
15:20 of 2nd period - Jake DeBrusk is hit by Ivan Provorov and loses puck.
15:23 of 2nd period - Shot by Jamie Benn.
15:23 of 2nd period - Goal by Jamie Benn - TAMPA BAY Lightning : 2 - DETROIT Red Wings : 2.
15:24 of 2nd period - Drake Batherson wins face-off versus Oskar Sundqvist in neutral zone.
15:40 of 2nd period - Shot by Oskar Sundqvist.
15:40 of 2nd period - Deflect By Adam Henrique.
15:40 of 2nd period - Stopped by Elvis Merzlikins without a rebound.
15:41 of 2nd period - Jesperi Kotkaniemi wins face-off versus Jamie Benn in DETROIT Red Wings zone.
15:50 of 2nd period - Shot by Rasmus Asplund.
15:50 of 2nd period - Stopped by Elvis Merzlikins without a rebound.
15:51 of 2nd period - Evgeny Kuznetsov wins face-off versus Jamie Benn in DETROIT Red Wings zone.
15:51 of 2nd period - Evgeny Kuznetsov is hit by Devon Toews.
16:09 of 2nd period - Shot by Evander Kane.
16:09 of 2nd period - Stopped by Elvis Merzlikins without a rebound.
16:10 of 2nd period - Oskar Sundqvist wins face-off versus Drake Batherson in DETROIT Red Wings zone.
16:11 of 2nd period - Shot by Lawson Crouse.
16:11 of 2nd period - Shot Blocked by Morgan Rielly.
16:13 of 2nd period - Shot by Artem Zub.
16:13 of 2nd period - Shot Misses the Net.
16:23 of 2nd period - Shot by Artem Zub.
16:23 of 2nd period - Stopped by Elvis Merzlikins without a rebound.
16:24 of 2nd period - Evgeny Kuznetsov wins face-off versus Jamie Benn in DETROIT Red Wings zone.
16:33 of 2nd period - Evgeny Kuznetsov is hit by Jamie Benn and loses puck.
16:52 of 2nd period - Shot by Jake DeBrusk.
16:52 of 2nd period - Goal by Jake DeBrusk - TAMPA BAY Lightning : 2 - DETROIT Red Wings : 3.
16:53 of 2nd period - Oskar Sundqvist wins face-off versus Drake Batherson in neutral zone.
17:16 of 2nd period - Shot by Mikko Rantanen.
17:16 of 2nd period - Shot Misses the Net.
17:18 of 2nd period - Shot by Morgan Rielly.
17:18 of 2nd period - Shot Blocked by Artem Zub.
17:59 of 2nd period - Icing by Mark Friedman.
18:00 of 2nd period - Jamie Benn wins face-off versus Evgeny Kuznetsov in TAMPA BAY Lightning zone.
18:09 of 2nd period - Shot by Nathan Mackinnon.
18:09 of 2nd period - Shot Blocked by Mark Friedman.
18:11 of 2nd period - Shot by Erik Karlsson.
18:11 of 2nd period - Goal by Erik Karlsson - TAMPA BAY Lightning : 2 - DETROIT Red Wings : 4.
18:12 of 2nd period - Tyson Jost wins face-off versus Jesperi Kotkaniemi in neutral zone.
18:35 of 2nd period - Shot by Mike Amadio.
18:35 of 2nd period - Stopped by Martin Jones without a rebound.
18:36 of 2nd period - Jamie Benn wins face-off versus Evgeny Kuznetsov in TAMPA BAY Lightning zone.
18:41 of 2nd period - Shot by Jake DeBrusk.
18:41 of 2nd period - Stopped by Martin Jones without a rebound.
18:42 of 2nd period - Jamie Benn wins face-off versus Evgeny Kuznetsov in TAMPA BAY Lightning zone.
18:57 of 2nd period - Shot by Jamie Benn.
18:57 of 2nd period - Shot Misses the Net.
19:45 of 2nd period - Shot by Valeri Nichushkin.
19:45 of 2nd period - Shot Misses the Net.
Goals for this period are 0 for TAMPA BAY Lightning vs 3 for DETROIT Red Wings.
Shots for this period are 7 for TAMPA BAY Lightning vs 14 for DETROIT Red Wings.

3rd period


0:01 of 3rd period - Jamie Benn wins face-off versus Evgeny Kuznetsov in neutral zone.
0:09 of 3rd period - Minor Penalty to Mark Friedman for Hooking.
0:10 of 3rd period - Anders Lee wins face-off versus Jamie Benn in TAMPA BAY Lightning zone.
0:29 of 3rd period - Shot by Erik Karlsson.
0:29 of 3rd period - Shot Misses the Net.
0:31 of 3rd period - Shot by Jake DeBrusk.
0:31 of 3rd period - Stopped by Martin Jones without a rebound.
0:32 of 3rd period - Drake Batherson wins face-off versus Evgeny Kuznetsov in TAMPA BAY Lightning zone.
0:39 of 3rd period - Shot by Drake Batherson.
0:39 of 3rd period - Shot Misses the Net.
1:10 of 3rd period - Icing by Drake Batherson.
1:11 of 3rd period - Evgeny Kuznetsov wins face-off versus Drake Batherson in DETROIT Red Wings zone.
1:12 of 3rd period - Shot by Marco Scandella.
1:12 of 3rd period - Shot Blocked by Morgan Rielly.
1:20 of 3rd period - Shot by Drake Batherson.
1:20 of 3rd period - Stopped by Martin Jones without a rebound.
1:21 of 3rd period - Jamie Benn wins face-off versus Evgeny Kuznetsov in TAMPA BAY Lightning zone.
1:32 of 3rd period - Shot by Jake DeBrusk.
1:32 of 3rd period - Goal by Jake DeBrusk - TAMPA BAY Lightning : 2 - DETROIT Red Wings : 5.
1:33 of 3rd period - Tyson Jost wins face-off versus Oskar Sundqvist in neutral zone.
1:33 of 3rd period - Devon Toews is hit by Lawson Crouse and loses puck.
2:54 of 3rd period - Shot by Rasmus Asplund.
2:54 of 3rd period - Shot Misses the Net.
3:28 of 3rd period - Mikko Rantanen is hit by Mark Friedman and loses puck.
3:58 of 3rd period - Mikko Rantanen is hit by Ivan Provorov.
4:02 of 3rd period - Shot by Valeri Nichushkin.
4:02 of 3rd period - Shot Misses the Net.
4:16 of 3rd period - Shot by Erik Karlsson.
4:16 of 3rd period - Stopped by Martin Jones with a rebound.
4:29 of 3rd period - Double Minor Penalty to Ivan Provorov for High sticking.
4:30 of 3rd period - Anders Lee wins face-off versus Jamie Benn in TAMPA BAY Lightning zone.
4:57 of 3rd period - Shot by Jamie Benn.
4:57 of 3rd period - Stopped by Martin Jones without a rebound.
4:58 of 3rd period - Evgeny Kuznetsov wins face-off versus Drake Batherson in TAMPA BAY Lightning zone.
5:24 of 3rd period - Icing by Drake Batherson.
5:25 of 3rd period - Evander Kane wins face-off versus Drake Batherson in DETROIT Red Wings zone.
5:32 of 3rd period - Shot by Oskar Sundqvist.
5:32 of 3rd period - Shot Misses the Net.
6:37 of 3rd period - Icing by Nikita Zadorov.
6:38 of 3rd period - Jamie Benn wins face-off versus Evgeny Kuznetsov in DETROIT Red Wings zone.
6:43 of 3rd period - Shot by Morgan Rielly.
6:43 of 3rd period - Shot Blocked by Mark Friedman.
6:45 of 3rd period - Shot by Morgan Rielly.
6:45 of 3rd period - Shot Blocked by Mark Friedman.
6:47 of 3rd period - Shot by Morgan Rielly.
6:47 of 3rd period - Shot Misses the Net.
6:49 of 3rd period - Shot by Nathan Mackinnon.
6:49 of 3rd period - Goal by Nathan Mackinnon - TAMPA BAY Lightning : 2 - DETROIT Red Wings : 6.
6:50 of 3rd period - Tyson Jost wins face-off versus Cole Sillinger in neutral zone.
7:19 of 3rd period - Tyson Jost is hit by Denis Malgin and loses puck.
8:49 of 3rd period - Icing by Jake DeBrusk.
8:50 of 3rd period - Jamie Benn wins face-off versus Jesperi Kotkaniemi in DETROIT Red Wings zone.
9:07 of 3rd period - Icing by Morgan Rielly.
9:08 of 3rd period - Drake Batherson wins face-off versus Evgeny Kuznetsov in DETROIT Red Wings zone.
9:08 of 3rd period - Drake Batherson is hit by Evgeny Kuznetsov.
9:22 of 3rd period - Shot by Evgeny Kuznetsov.
9:22 of 3rd period - Shot Misses the Net.
9:34 of 3rd period - Shot by Evander Kane.
9:34 of 3rd period - Deflect By Evgeny Kuznetsov.
9:34 of 3rd period - Stopped by Elvis Merzlikins without a rebound.
9:35 of 3rd period - Cole Sillinger wins face-off versus Tyson Jost in DETROIT Red Wings zone.
9:35 of 3rd period - Cole Sillinger is hit by Jake Bean.
10:27 of 3rd period - Off-side.
10:28 of 3rd period - Evgeny Kuznetsov wins face-off versus Jamie Benn in neutral zone.
11:04 of 3rd period - Shot by Evander Kane.
11:04 of 3rd period - Goal by Evander Kane - TAMPA BAY Lightning : 3 - DETROIT Red Wings : 6.
11:05 of 3rd period - Oskar Sundqvist wins face-off versus Drake Batherson in neutral zone.
11:09 of 3rd period - Icing by Morgan Rielly.
11:10 of 3rd period - Drake Batherson wins face-off versus Adam Henrique in DETROIT Red Wings zone.
11:20 of 3rd period - Valeri Nichushkin is hit by Martin Fehervary and loses puck.
11:27 of 3rd period - Shot by Mikko Rantanen.
11:27 of 3rd period - Shot Misses the Net.
12:14 of 3rd period - Icing by Jake DeBrusk.
12:15 of 3rd period - Evgeny Kuznetsov wins face-off versus Jamie Benn in DETROIT Red Wings zone.
12:38 of 3rd period - Shot by Evander Kane.
12:38 of 3rd period - Shot Misses the Net.
12:57 of 3rd period - Evander Kane is hit by Devon Toews.
13:25 of 3rd period - Shot by Gabriel Landeskog.
13:25 of 3rd period - Stopped by Martin Jones without a rebound.
13:26 of 3rd period - Cole Sillinger wins face-off versus Drake Batherson in TAMPA BAY Lightning zone.
15:02 of 3rd period - Shot by Lawson Crouse.
15:02 of 3rd period - Stopped by Elvis Merzlikins without a rebound.
15:03 of 3rd period - Evgeny Kuznetsov wins face-off versus Jamie Benn in DETROIT Red Wings zone.
15:11 of 3rd period - Icing by Jake DeBrusk.
15:12 of 3rd period - Jamie Benn wins face-off versus Evgeny Kuznetsov in DETROIT Red Wings zone.
15:12 of 3rd period - Jamie Benn is hit by Evander Kane.
15:28 of 3rd period - Shot by Jamie Benn.
15:28 of 3rd period - Shot Misses the Net.
15:34 of 3rd period - Shot by Nathan Mackinnon.
15:34 of 3rd period - Shot Misses the Net.
15:36 of 3rd period - Shot by Nathan Mackinnon.
15:36 of 3rd period - Deflect By Jake DeBrusk.
15:36 of 3rd period - Shot Misses the Net.
15:56 of 3rd period - Shot by Jamie Benn.
15:56 of 3rd period - Shot Misses the Net.
16:14 of 3rd period - Shot by Mike Amadio.
16:14 of 3rd period - Stopped by Martin Jones without a rebound.
16:15 of 3rd period - Gabriel Landeskog wins face-off versus Oskar Sundqvist in TAMPA BAY Lightning zone.
16:20 of 3rd period - Shot by Mike Amadio.
16:20 of 3rd period - Stopped by Martin Jones without a rebound.
16:21 of 3rd period - Oskar Sundqvist wins face-off versus Tyson Jost in TAMPA BAY Lightning zone.
16:28 of 3rd period - Shot by Tyson Jost.
16:28 of 3rd period - Stopped by Martin Jones without a rebound.
16:29 of 3rd period - Drake Batherson wins face-off versus Oskar Sundqvist in TAMPA BAY Lightning zone.
16:45 of 3rd period - Shot by Drake Batherson.
16:45 of 3rd period - Shot Misses the Net.
17:18 of 3rd period - Minor Penalty to Drake Batherson for High sticking.
17:19 of 3rd period - Evgeny Kuznetsov wins face-off versus Jamie Benn in DETROIT Red Wings zone.
17:26 of 3rd period - Shot by Ivan Provorov.
17:26 of 3rd period - Stopped by Elvis Merzlikins without a rebound.
17:27 of 3rd period - Jamie Benn wins face-off versus Evgeny Kuznetsov in DETROIT Red Wings zone.
17:36 of 3rd period - Shot by Ivan Provorov.
17:36 of 3rd period - Stopped by Elvis Merzlikins without a rebound.
17:37 of 3rd period - Jamie Benn wins face-off versus Evander Kane in DETROIT Red Wings zone.
17:43 of 3rd period - Icing by Mark Friedman.
17:44 of 3rd period - Jamie Benn wins face-off versus Evgeny Kuznetsov in TAMPA BAY Lightning zone.
18:28 of 3rd period - Nathan Mackinnon is hit by Evander Kane and loses puck.
18:38 of 3rd period - Off-side.
18:39 of 3rd period - Oskar Sundqvist wins face-off versus Jake DeBrusk in neutral zone.
18:47 of 3rd period - Shot by Oskar Sundqvist.
18:47 of 3rd period - Shot Blocked by Jake DeBrusk.
18:49 of 3rd period - Shot by Marco Scandella.
18:49 of 3rd period - Stopped by Elvis Merzlikins without a rebound.
18:50 of 3rd period - Jamie Benn wins face-off versus Oskar Sundqvist in DETROIT Red Wings zone.
19:09 of 3rd period - Icing by Marco Scandella.
19:10 of 3rd period - Jamie Benn wins face-off versus Oskar Sundqvist in TAMPA BAY Lightning zone.
19:13 of 3rd period - Shot by Jamie Benn.
19:13 of 3rd period - Stopped by Martin Jones with a rebound.
19:48 of 3rd period - Off-side.
19:49 of 3rd period - Tyson Jost wins face-off versus Evgeny Kuznetsov in neutral zone.
Goals for this period are 1 for TAMPA BAY Lightning vs 2 for DETROIT Red Wings.
Shots for this period are 6 for TAMPA BAY Lightning vs 11 for DETROIT Red Wings.